 Dungeon Crawl Stone Soup version 0.31.0-4-g52a2dc7128 (console) character file.

Game seed: 2035069689163894251

45 AlterAsc the Changeling (level 3, -2/18 HPs)
             Began as a Spriggan Shapeshifter on Jan 21, 2024.
             Slain by a goblin
             ... wielding a +0 dagger of distortion
              (18 damage)
             ... on level 2 of the Dungeon.
             The game lasted 00:03:24 (1175 turns).

AlterAsc the Changeling (Spriggan Shapeshifter)     Turns: 1175, Time: 00:03:25

Health: -2/18      AC:  2    Str: 16    XL:     3   Next: 42%
Magic:  4/4        EV: 18    Int: 11    God:
Gold:   81         SH:  0    Dex: 16    Spells: 2/2 levels left

rFire   . .          .
                       - Unarmed
rCold   . . .        (no shield)
rNeg    . . .        a - +0 animal skin
rPois   .            (helmet currently unavailable)
rElec   .            (cloak currently unavailable)
rCorr   .            (gloves unavailable)
SInv    +            (boots unavailable)
Will    .....        (no amulet)
Stlth   +            j - +6 ring of strength
HPRegen 0.23/turn    (no ring)
MPRegen 0.09/turn

%: no passive effects
@: beast-form, very quick
A: beast (slay +2), very small, no large weapons, unfitting armour, see
invisible, speed 3
a: Begin Untransformation


You were on level 2 of the Dungeon.
You were a hulking beast.
You visited 1 branch of the dungeon, and saw 2 of its levels.

You collected 81 gold pieces.

Inventory:

Missiles
 f - 7 poisoned darts (quivered)
 h - 3 atropa-tipped darts
 k - 20 stones
 l - 6 curare-tipped darts
Armour
 a - a +0 animal skin (worn)
Jewellery
 j - a +6 ring of strength (left hand)
 n - a ring of fire
Talismans
 c - a beast talisman
 d - a flux talisman
Scrolls
 e - 2 scrolls of acquirement {unknown}
 g - 5 scrolls of teleportation {unknown}
 m - a scroll of amnesia {unknown}
Potions
 b - 2 potions of lignification
 i - a potion of curing {unknown}


   Skills:
 + Level 1.4 Fighting
 + Level 3.3 Dodging
 * Level 2.9 Unarmed Combat
 + Level 4.4 Shapeshifting


You had 2 spell levels left.
You didn't know any spells.
Your spell library contained the following spells:

 Spells                   Type           Power      Damage    Failure   Level
 Apportation              Tloc           0%         N/A       34%         1
 Necrotise                Necr           0%         1d4       34%         1
 Sting                    Conj/Alch      0%         1d3       34%         1
 Summon Small Mammal      Summ           0%         N/A       34%         1
 Ozocubu's Armour         Ice            0%         N/A       71%         3
 Vhi's Electric Charge    Tloc/Air       0%         N/A       98%         4
 Arcjolt                  Conj/Air       0%         1d10      100%        5
 Metabolic Englaciation   Hex/Ice        0%         N/A       100%        5
 Sculpt Simulacrum        Ice/Alch       0%         N/A       100%        6
 Maxwell's Capacitive Co  Air            0%         ∞         100%        8


Dungeon Overview and Level Annotations

Branches:
Dungeon (2/15)

Altars:


Innate Abilities, Weirdness & Mutations

You are a hulking beast.
Your limbs bulge with bestial killing power. (Slay +2)
You are very small and have problems with some larger weapons.
You are too small for most types of armour.
You have supernaturally acute eyesight. (SInv)
You cover ground extremely quickly. (Speed+++)


Message History

You punch the goblin!
You kill the goblin!
You hit the goblin.
The goblin is severely wounded.
The goblin barely misses you.
You hit the goblin.
You kill the goblin!
You hit the goblin.
The goblin is severely wounded.
The goblin completely misses you.
You hit the goblin.
You kill the goblin!
You hit the goblin.
You kill the goblin!
You hit the hobgoblin.
The hobgoblin is almost dead.
The hobgoblin closely misses you.
You hit the hobgoblin but do no damage.
The hobgoblin is almost dead.
The hobgoblin barely misses you.
You barely miss the hobgoblin.
The hobgoblin is almost dead.
The hobgoblin hits you.
You barely miss the hobgoblin.
The hobgoblin is almost dead.
The hobgoblin misses you.
You hit the hobgoblin.
You kill the hobgoblin!
Items here: ))))) †††.
Okay, then.
The goblin shouts!
There is an open door here.
There is an open door here.
The goblin shouts! x2
A goblin opens the door.
You barely miss the goblin.
The goblin hits you with a +0 dagger of distortion.
Space warps horribly around you!!
Ouch! That really hurt!
You die...

#########
#########.......##
#................####
#.#####.##..........#
#.#####.#..###..#...#
#>......#.##.##.###.#
#.#####...#...#...#.# #
#..####'####...### #.##
#..g#.##....##### #.#
+.h.'.)'........### #.##
#...#.##.##........
#..####g####..##.###....
##...#.gg#...###<# #.###
###.##.##.### #.# #.#
#..###..# #.# #.#
##.....## #.# #.#
####### #.# #.. ..#


You could see 4 goblins.

Vanquished Creatures
  4 ball pythons
  7 endoplasms
  A giant cockroach (D:1)
  7 goblins
  3 hobgoblins
  2 jackals (D:1)
  7 kobolds
  2 quokkas (D:1)
  2 bats
  2 frilled lizards (D:1)
  A rat (D:1)
38 creatures vanquished.

Notes
Turn   | Place    | Note
-------+----------+-------------------------------------------
     0 | D:1      | AlterAsc the Spriggan Shapeshifter began the quest for the
                  | Orb.
     0 | D:1      | Reached XP level 1. HP: 9/9 MP: 2/2
   170 | D:1      | Reached skill level 1 in Fighting
   212 | D:1      | Reached XP level 2. HP: 10/14 MP: 3/3
   863 | D:2      | Reached XP level 3. HP: 17/18 MP: 4/4
  1175 | D:2      | Slain by a goblin

Illustrated notes

Levels and vault maps discovered:
D:1:      dpeg_arrival_refuge, layout_basic, st_stairs_9
D:2:      cheibrodos_greedy_goblins, layout_basic

Skill      XL: |  1 |
---------------+----+-----
Fighting       | 1 |  1.4
Dodging        | 3 |  3.3
Unarmed Combat | |  2.9
Shapeshifting  | |  4.4

Action                     || total
---------------------------++-------
  Melee: Unarmed           ||   106
         Punch             ||     2
  Throw: Dart              ||     3
   Stab: Sleeping          ||     2
 Armour: Animal skin       ||    29
  Dodge: Dodged            ||    62
